 Dungeon Crawl Stone Soup version 0.32-a0-575-gafe9d2b (webtiles) character file.

Game seed: 1228884624960523797

1 Dorkslayer the Trooper (level 1, 0/18 HPs)
             Began as a Demigod Fighter on Mar 1, 2024.
             Slain by a gnoll
             ... wielding a +0 spear
              (3 damage)
             ... on level 1 of the Dungeon.
             The game lasted 00:00:12 (71 turns).

Dorkslayer the Trooper (Demigod Fighter)              Turns: 71, Time: 00:00:13

Health: 0/18       AC:  6    Str: 17    XL:     1   Next: 13%
Magic:  3/3        EV:  9    Int: 10    God:
Gold:   0          SH:  4    Dex: 13    Spells: 0/0 levels left

rFire   . .          .
                       - Unarmed
rCold   . . .        b - +0 buckler
rNeg    . . .        a - +0 scale mail
rPois   .            (no helmet)
rElec   .            (no cloak)
rCorr   .            (no gloves)
SInv    .            (no boots)
Will    .....        (no amulet) Stlth
                     (no ring)
HPRegen 0.23/turn    (no ring)
MPRegen 0.08/turn

%: no passive effects
@: no status effects
A: high MP 1, forlorn, divine attributes
a: no special abilities


You were on level 1 of the Dungeon.
You visited 1 branch of the dungeon, and saw 1 of its levels.

Inventory:

Armour
 a - a +0 scale mail (worn)
 b - a +0 buckler (worn)
Scrolls
 d - a scroll of identify {unknown}
 e - a scroll of immolation {unknown}
Potions
 c - a potion of might


   Skills:
 + Level 2.7 Fighting
 + Level 2.7 Armour
 + Level 2.6 Shields
 + Level 1.7 Unarmed Combat


You couldn't memorise any spells.
You didn't know any spells.
Your spell library was empty.

Dungeon Overview and Level Annotations

Branches:
Dungeon (1/15)


Innate Abilities, Weirdness & Mutations

You have an increased reservoir of magic. (+10% MP)
You shall have no god before yourself.
Your divine heritage dramatically boosts your attributes as you level up.


Message History

You barely miss the frilled lizard. The frilled lizard misses you.
You hit the frilled lizard.
The frilled lizard is heavily wounded.
You hit the frilled lizard but do no damage.
The frilled lizard is heavily wounded.
The frilled lizard bites you but does no damage. x2
You hit the frilled lizard.
You kill the frilled lizard!
d - a scroll labelled ALOAKY RAUSAAR
e - a scroll labelled ZYODGH SUDWEL You see here a +0 whip.
A kobold and a gnoll come into view.
The kobold shouts!
The gnoll shouts!
A rat comes into view.
The kobold throws a stone.
The stone hits you but does no damage.
The kobold throws a stone.
You block the stone. The gnoll barely misses you.
The kobold throws a stone.
The stone closely misses you.
You closely miss the gnoll. The gnoll hits you with a +0 spear.
You hit the gnoll but do no damage. The gnoll hits you with a +0 spear.
You block the rat's attack.
You closely miss the gnoll. The gnoll hits you with a +0 spear.
The rat barely misses you.
You hit the gnoll but do no damage. You block the gnoll's attack.
The rat bites you but does no damage.
You hit the gnoll.
The gnoll is lightly wounded.
The gnoll hits you with a +0 spear.
* * * LOW HITPOINT WARNING * * *
The rat bites you but does no damage. The kobold hits you with a +0 dagger.
* * * LOW HITPOINT WARNING * * *
The gnoll misses you. The kobold hits you but does no damage.
The rat bites you but does no damage.
You hit the gnoll.
The gnoll is moderately wounded.
Okay, then.
You hit the gnoll.
The gnoll is heavily wounded.
The gnoll hits you with a +0 spear.
You die...

.........
#####.........
#...#.........
#...#.........
#.............
#.............
#...gr..............
#...@K...#..........
#........#.........
#........#.......#
#........#.......####
#........#...........
#........#...........
#..........).........
####........##.......
#...####...##.......


You could see a gnoll, a kobold and a rat.

Vanquished Creatures
  A frilled lizard (D:1)
  A kobold (D:1)
2 creatures vanquished.

Notes
Turn   | Place    | Note
-------+----------+-------------------------------------------
     0 | D:1      | Dorkslayer the Demigod Fighter began the quest for the Orb.
     0 | D:1      | Reached XP level 1. HP: 18/18 MP: 3/3
    71 | D:1      | Slain by a gnoll

Illustrated notes

Levels and vault maps discovered:
D:1:      lightli_arrival_windingriver, layout_basic, grunt_decor_fettered,
          st_stairs_6, kennysheep_nondescript, minivault_19

Action                     || total
---------------------------++-------
  Melee: Unarmed           ||    14
 Armour: Scale mail        ||    13
  Dodge: Dodged            ||     8
  Block: Buckler           ||     3

Table legend: (Time is in decaauts)
 A = Elapsed time spent in this place.
 B = Non-inter-level travel time spent in this place.
 C = Inter-level travel time spent in this place.
 D = Time resting spent in this place.
 E = Time spent auto-exploring this place.
 F = Levels seen in this place.
 G = Mean time per level.
                   A        B        C        D        E       F      G
               +--------+--------+--------+--------+--------+-----+--------+
         Total |     71 |     71 |      0 |      0 |     31 |   1 |   71.0 |
       Dungeon |     71 |     71 |      0 |      0 |     31 |   1 |   71.0 |
               +--------+--------+--------+--------+--------+-----+--------+

Top non-repeatable levels by time:
     D:1: 71 daAuts
